 Dungeon Crawl Stone Soup version 0.18-a0-775-g4d9e04e (webtiles) character file.

52 HandofTrog the Sneak (level 3, -3/17 HPs)
             Began as a Felid Monk on Dec 13, 2015.
             Slain by nublet's ghost (5 damage)
             ... on level 4 of the Dungeon.
             The game lasted 00:14:13 (2485 turns).

HandofTrog the Sneak (Felid Monk)                   Turns: 2485, Time: 00:14:13

Health: -3/17      AC:  1    Str:  8    XL:     3   Next: 60%
Magic:  4/4        EV: 20    Int: 13    God:
Gold:   97         SH:  0    Dex: 18    Spells: 0 memorised, 2 levels left
                                        Lives:  0   Deaths: 1

rFire  . . .     SeeInvis +       - Unarmed
rCold  . . .     Clarity  .     (armour unavailable)
rNeg   . . .     SustAt   .     (shield unavailable)
rPois  .         Gourm    .     (helmet unavailable)
rElec  .         Spirit   .     (cloak unavailable)
rCorr  .         Dismiss  .     (gloves unavailable)
rMut   .         Rnd*Tele +     (boots unavailable)
MR     .....                    (no amulet)
Stlth  ++++......               i - +2 ring of intelligence
                                g - ring of teleportation (curse)

@: quick, not resistant to hostile enchantments, stealthy
A: no armour, no weapons or thrown items, claws 1, fangs 3, see invisible,
carnivore 3, speed 1, shaggy fur 1, slow metabolism 1, sharp paws
a: Evoke Teleportation


You were on level 4 of the Dungeon.
You were not hungry.

You visited 1 branch of the dungeon, and saw 4 of its levels.

You collected 97 gold pieces.

Inventory:

Jewellery
 g - a cursed ring of teleportation (left paw)
 i - a +2 ring of intelligence (right paw)
 q - an uncursed ring of poison resistance {unknown}
Scrolls
 d - 3 scrolls of identify {unknown}
 e - a scroll of teleportation {unknown}
 f - a scroll of noise {unknown}
 j - a scroll of immolation {unknown}
 l - a scroll of remove curse {unknown}
 m - a scroll of random uselessness {unknown}
 n - a scroll of enchant weapon {unknown}
 p - 2 scrolls of amnesia {unknown}
 s - a scroll of blinking {unknown}
Potions
 b - a potion of brilliance {unknown}
 c - a potion of curing
 h - a potion of might {unknown}
 k - a potion of lignification {unknown}
 r - a potion of berserk rage {unknown}
Comestibles
 a - 3 meat rations


   Skills:
 + Level 3.5 Fighting
 + Level 4.7 Dodging
 * Level 5.1 Stealth
 + Level 4.2 Unarmed Combat


You had 2 spell levels left.
You didn't know any spells.

Dungeon Overview and Level Annotations

Branches:
Dungeon (4/15)
 Temple: D:4-7

Altars:
Ashenzari

Annotations:
D:4 nublet's ghost, amateur DrTm


Innate Abilities, Weirdness & Mutations

You cannot wear armour.
You are incapable of wielding weapons or throwing items.
You have sharp claws.
You have razor-sharp teeth.
You have supernaturally acute eyesight.
You are carnivorous and can eat meat at any time.
You cover ground quickly.
You are covered in fur (AC +1).
You have a slow metabolism.
Your sharp claws are effective at attacking unaware monsters.


Message History

Nublet's ghost screams, "You will never get the ORB!"
Nublet's ghost hits you.
* * * LOW HITPOINT WARNING * * *
You closely miss nublet's ghost.
Nublet's ghost is moderately damaged.
Nublet's ghost barely misses you.
You scratch nublet's ghost.
Nublet's ghost is heavily damaged.
Nublet's ghost barely misses you.
You closely miss nublet's ghost.
You bite nublet's ghost, but do no damage.
Nublet's ghost is heavily damaged.
Nublet's ghost misses you.
You closely miss nublet's ghost. You bite nublet's ghost.
Nublet's ghost is heavily damaged.
Nublet's ghost closely misses you.
You scratch nublet's ghost but do no damage.
Nublet's ghost is heavily damaged.
Nublet's ghost hits you.
You die...

#.#... #
#.#..
.#####.#..
........
#$....#
+.....#
#....W#
#...@.#
####....#
#.#### #.#
... ...
... ....#


You could see nublet's ghost.

Vanquished Creatures
  An orc priest (D:3)
  A worm (D:2)
  2 giant geckos (D:2)
  5 orcs (D:3)
  8 goblins
  5 hobgoblins
  2 jackals (D:1)
  7 kobolds
  A quokka (D:2)
  13 bats
  5 giant cockroaches
  4 giant newts
  5 rats
59 creatures vanquished.

Notes
Turn   | Place    | Note
--------------------------------------------------------------
     0 | D:1      | HandofTrog the Felid Monk began the quest for the Orb.
     0 | D:1      | Reached XP level 1. HP: 10/10 MP: 2/2
   269 | D:1      | Reached XP level 2. HP: 14/14 MP: 3/3
  1012 | D:1      | Reached XP level 3. HP: 15/17 MP: 4/4
  1579 | D:3      | Reached XP level 4. HP: 4/21 MP: 5/5
  2006 | D:3      | Killed from afar by an orc wizard
  2007 | D:3      | Reached XP level 3. HP: -3/17 MP: 4/4
  2021 | D:3      | Found a shattered altar of Ashenzari.
  2093 | D:3      | Reached skill level 5 in Stealth
  2465 | D:4      | Noticed nublet's ghost (amateur DrTm)
  2485 | D:4      | Slain by nublet's ghost

Vault maps used:
D:1:      dpeg_arrival_morbid_curiosity, kennysheep_another_room,
          kennysheep_pointless_box, st_stairs_4
D:2:      first_bread
D:3:      kennysheep_big_flooded_room, cheibrodos_ashenzari_chains
D:4:      corexii_shack_village, nicolae_gozag_cash_rules_everything_around_me,
          lemuel_crystal_altar, small_statue_intersection,
          kennysheep_generic_room_9, uniq_grinder, uniq_crazy_yiuf_cottage,
          uniq_edmund

Action                   |  1- 3 |  4- 6 || total
-------------------------+-------+-------++-------
Melee: Unarmed           |   145 |    10 ||   155
  Use: Potion            |     3 |       ||     3
 Stab: Sleeping          |    20 |     1 ||    21
  Eat: Chunk             |     9 |       ||     9
